 Dungeon Crawl Stone Soup version 0.27-a0-1090-gb115f176c6 (webtiles) character file.

Game seed: 2829719432147133382

113 voltaire321 the Shield-Bearer (level 4, 0/31 HPs)
             Began as an Octopode Fighter on Apr 27, 2021.
             Was a Believer of Okawaru.
             Slain by a kobold
             ... wielding a +0 club
              (1 damage)
             ... on level 3 of the Dungeon.
             The game lasted 00:07:03 (3066 turns).

voltaire321 the Shield-Bearer (Octopode Fighter)    Turns: 3066, Time: 00:07:03

Health: 0/31       AC:  1    Str: 15    XL:     4   Next: 96%
Magic:  4/4        EV: 11    Int: 10    God:    Okawaru [**....]
Gold:   113        SH:  9    Dex: 12    Spells: 3/3 levels left

rFire    . . .     SeeInvis .   a - +0 trident
rCold    . . .     Faith    .   b - +0 kite shield
rNeg     . . .     Spirit   .   (helmet restricted)
rPois    .         Reflect  .   (no amulet)
rElec    .         Harm     .   (no ring)
rCorr    .         Rampage  .   (no ring)
Will     .....                  (no ring)
Stlth    ++........             (no ring)
HPRegen  0.10/turn              (no ring)
MPRegen  0.09/turn              (no ring)
                                (no ring)
                                (no ring)

@: mighty
A: almost no armour, amphibious, 8 rings, camouflage 1, gelatinous body 1,
(nimble swimmer 1), tentacles
a: Renounce Religion, Heroism


You were on level 3 of the Dungeon.
You worshipped Okawaru.
Okawaru was pleased with you.
You visited 1 branch of the dungeon, and saw 3 of its levels.

You collected 113 gold pieces.

Inventory:

Hand Weapons
 a - a +0 trident (weapon)
Armour
 b - a +0 kite shield (worn)
Jewellery
 j - an amulet of magic regeneration
Scrolls
 e - 2 scrolls of teleportation
 h - a scroll of fog
Potions
 d - a potion of curing {unknown}
 f - a potion of flight {unknown}
 g - a potion of heal wounds {unknown}
 i - a potion of attraction {unknown}
 k - 2 potions of haste {unknown}
 m - a potion of berserk rage


   Skills:
 + Level 3.5 Fighting
 + Level 2.7 Polearms
 + Level 0.2 Throwing
 + Level 3.5 Dodging
 * Level 4.1 Shields
 + Level 0.8 Invocations


You had 3 spell levels left.
You didn't know any spells.
Your spell library contained the following spells:

 Spells                   Type           Power      Damage    Failure   Level
 Summon Small Mammal      Summ           0%         N/A       83%         1
 Call Imp                 Summ           0%         N/A       93%         2
 Call Canine Familiar     Summ           0%         N/A       99%         3
 Summon Guardian Golem    Hex/Summ       0%         N/A       99%         3
 Summon Ice Beast         Ice/Summ       0%         N/A       100%        4
 Summon Lightning Spire   Summ/Air       0%         N/A       100%        4


Dungeon Overview and Level Annotations

Branches:
Dungeon (3/15)

Altars:
Okawaru


Innate Abilities, Weirdness & Mutations

You cannot wear most types of armour.
You are amphibious.
You can wear up to eight rings at the same time.
Your skin changes colour to match your surroundings (Stealth+).
Your rubbery body absorbs attacks. (AC +1, EV +1)
((You are camouflaged near water. (Stealth+)))
You have tentacles for arms and can constrict up to eight enemies at once.


Message History

Okawaru accepts your kill.
You hit the kobold brigand. You grab the kobold brigand.
The kobold brigand is lightly wounded.
You constrict the kobold brigand.
The kobold brigand hits you with a +0 club!
You block the kobold's attack.
You hit the kobold brigand.
The kobold brigand is moderately wounded.
You constrict the kobold brigand.
The kobold brigand hits you with a +0 club.
You block the kobold's attack.
You hit the kobold brigand.
The kobold brigand is heavily wounded.
You constrict the kobold brigand.
The kobold brigand hits you with a +0 club.
* * * LOW HITPOINT WARNING * * *
The kobold hits you with a +0 club.
* * * LOW HITPOINT WARNING * * *
You block the kobold brigand's attack. You block the kobold's attack.
You release your grip on the kobold brigand.
You closely miss the kobold brigand. Your grab misses the kobold brigand.
Your squeeze misses the kobold brigand.
The kobold brigand is severely wounded.
You block the kobold brigand's attack.
You completely miss the kobold brigand. Your grab misses the kobold brigand.
The kobold brigand is severely wounded.
The kobold brigand hits you with a +0 club.
* * * LOW HITPOINT WARNING * * *
You hit the kobold brigand. You grab the kobold brigand.
The kobold brigand is severely wounded.
You constrict the kobold brigand.
The kobold brigand hits you with a +0 club.
* * * LOW HITPOINT WARNING * * *
You feel very mighty all of a sudden.
You constrict the kobold brigand. You block the kobold brigand's attack.
You puncture the kobold brigand!
You kill the kobold brigand!
Okawaru is honoured by your kill. The kobold hits you with a +0 club.
You die...

###### ########## #....#
#......... #....# +.........
##....#########.........
#......#..........#
+......'..........#
#......#..........########.
##....#########K...†.......
#..))#......)K@...........
#....#.......#)...........
####''#########################
≈≈≈.....≈≈≈≈≈≈≈≈≈≈≈≈≈≈≈≈≈≈≈≈≈≈###
≈≈≈....≈≈≈≈≈≈≈≈≈≈≈≈≈≈≈≈≈≈≈≈≈≈≈≈≈≈
≈≈≈....≈≈≈≈≈≈≈≈≈≈≈≈≈≈≈≈≈≈≈≈≈≈≈≈≈≈
≈.(.....≈≈≈≈≈≈≈≈≈≈..≈≈≈≈......≈≈.
..(..............................
.(............)..................


You could see 2 kobolds.

Vanquished Creatures
  A kobold brigand (D:3)
  3 adders (D:2)
  2 worms (D:2)
  4 dart slugs
  An orc (D:3)
  8 ball pythons
  9 endoplasms
  3 giant cockroaches
  3 goblins
  2 hobgoblins
  3 jackals (D:1)
  5 quokkas
  7 bats
  2 frilled lizards
  10 kobolds
  6 rats
69 creatures vanquished.

Notes
Turn   | Place    | Note
-------+----------+-------------------------------------------
     0 | D:1      | voltaire321 the Octopode Fighter began the quest for the
                  | Orb.
     0 | D:1      | Reached XP level 1. HP: 16/16 MP: 1/1
   143 | D:1      | Reached XP level 2. HP: 21/21 MP: 2/2
   529 | D:1      | Reached XP level 3. HP: 17/26 MP: 3/3
   727 | D:1      | Found a faded altar of an unknown god.
   742 | D:1      | Became a worshipper of Warmaster Okawaru
   742 | D:1      | Reached * piety under Okawaru
  1310 | D:2      | Reached XP level 4. HP: 24/31 MP: 4/4
  1849 | D:2      | Reached skill level 4 in Shields
  3054 | D:3      | Noticed a kobold brigand
  3064 | D:3      | HP: 1/31 [kobold brigand/+0 club (1)]
  3066 | D:3      | Killed a kobold brigand
  3066 | D:3      | Reached ** piety under Okawaru
  3066 | D:3      | Slain by a kobold

Illustrated notes

Levels and vault maps discovered:
D:1:      minmay_arrival_up_and_down, layout_basic,
          shapermc_ecumenical_altar_mp_ritualfount, st_stairs_7,
          hangedman_decor_opposing
D:2:      layout_loops_corners, minmay_randomly_rotated_circles
D:3:      minmay_goblin_kobold_castle, layout_basic, corexii_shack,
          palyth_stone_intersect, kennysheep_flooded_box, uniq_natasha

Skill      XL: |  1  2  3  4 |
---------------+-------------+-----
Shields        | 4 |  4.1
Fighting       | |  3.5
Polearms       | |  2.7
Throwing       | |  0.2
Dodging        | |  3.5
Invocations    | |  0.8

Action                   |  1- 3 |  4- 6 || total
-------------------------+-------+-------++-------
Melee: Trident           |    80 |    82 ||   162
       Tentacles         |    12 |    10 ||    22
       Constrict         |    15 |    17 ||    32
  Use: Scroll            |       |     5 ||     5
       Potion            |       |     1 ||     1
 Stab: Sleeping          |     5 |     4 ||     9
Armor: Skin              |     8 |     9 ||    17
Dodge: Dodged            |    28 |    30 ||    58
Block: Kite shield       |    31 |    27 ||    58

Table legend: (Time is in decaauts)
 A = Elapsed time spent in this place.
 B = Non-inter-level travel time spent in this place.
 C = Inter-level travel time spent in this place.
 D = Time resting spent in this place.
 E = Time spent auto-exploring this place.
 F = Levels seen in this place.
 G = Mean time per level.
                   A        B        C        D        E       F      G
               +--------+--------+--------+--------+--------+-----+--------+
         Total |   3131 |   3056 |     75 |   1020 |   1412 |   3 | 1043.7 |
       Dungeon |   3131 |   3056 |     75 |   1020 |   1412 |   3 | 1043.7 |
               +--------+--------+--------+--------+--------+-----+--------+

Top non-repeatable levels by time:
     D:2: 1659 daAuts
     D:1: 1074 daAuts
     D:3: 396 daAuts
